 Dungeon Crawl Stone Soup version 0.30.0-5-g1a98f26d00 (webtiles) character file.

Game seed: 4367002513422916391

56 booth the Conjurer (level 3, -3/27 HPs)
             Began as a Demonspawn Reaver on May 12, 2023.
             Succumbed to an adder's poison
             ... on level 2 of the Dungeon.
             The game lasted 00:05:40 (1313 turns).

booth the Conjurer (Demonspawn Reaver)              Turns: 1313, Time: 00:05:40

Health: -3/27      AC:  3    Str: 14    XL:     3   Next: 71%
Magic:  6/6        EV: 11    Int: 14    God:
Gold:   70         SH:  0    Dex: 11    Spells: 5/6 levels left

rFire   . . .        a - +1 hand axe
rCold   . . .        (no shield)
rNeg    . . .        b - +0 leather armour
rPois   .            (no helmet)
rElec   .            (no cloak)
rCorr   .            (no gloves)
SInv    .            (no boots)
Will    .....        (no amulet)
Stlth   +            (no ring)
HPRegen 0.24/turn    (no ring)
MPRegen 0.10/turn

%: no passive effects
@: lethally poisoned (-3 -> -21)
A: demonic magic 1
a: no special abilities


You were on level 2 of the Dungeon.
You visited 1 branch of the dungeon, and saw 2 of its levels.

You collected 70 gold pieces.

Inventory:

Hand Weapons
 a - a +1 hand axe (weapon)
 c - a +0 war axe
Armour
 b - a +0 leather armour (worn)
Potions
 f - a potion of flight


   Skills:
 + Level 2.2 Fighting
 * Level 3.1 Axes
 + Level 2.0 Dodging
 + Level 2.2 Spellcasting
 * Level 3.5 Conjurations
 + Level 1.0 Necromancy


You had 5 spell levels left.
You knew the following spells:

 Your Spells              Type           Power      Damage    Failure   Level
a - Kiss of Death         Conj/Necr      32%        2d7       12%         1

Your spell library contained the following spells:

 Spells                   Type           Power      Damage    Failure   Level
 Momentum Strike          Conj/Tloc      12%        3d8       22%         2
 Hailstorm                Conj/Ice       6%         3d4       38%         3


Dungeon Overview and Level Annotations

Branches:
Dungeon (2/15)

Altars:


Innate Abilities, Weirdness & Mutations

Spells you cast may paralyse adjacent enemies.


Message History

The frilled lizard hisses angrily.
Found a stone staircase leading down.
There is a stone staircase leading up here.
You hit the hobgoblin.
The hobgoblin is moderately wounded.
An adder comes into view.
The hobgoblin barely misses you.
The adder hisses angrily.
You hit the hobgoblin.
The hobgoblin is severely wounded.
The hobgoblin closely misses you.
You closely miss the hobgoblin.
The hobgoblin is severely wounded.
The hobgoblin misses you.
The hobgoblin hits you with a +0 long sword!
You hit the hobgoblin.
The hobgoblin is almost dead.
The hobgoblin hits you with a +0 long sword.
You barely miss the hobgoblin.
The hobgoblin is almost dead.
The hobgoblin hits you with a +0 long sword.
* * * LOW HITPOINT WARNING * * *
You closely miss the adder. You hit the hobgoblin but do no damage.
The adder bites you.
* * * LOW HITPOINT WARNING * * *
You are poisoned.
The adder poisons you!
The hobgoblin hits you but does no damage.
You barely miss the adder. You barely miss the hobgoblin.
* * * LOW HITPOINT WARNING * * *
You feel sick. The adder bites you.
* * * LOW HITPOINT WARNING * * *
You are more poisoned.
The adder poisons you! The hobgoblin closely misses you. The adder bites you.
* * * LOW HITPOINT WARNING * * *
You are more poisoned.
The adder poisons you!
You barely miss the adder. You hit the hobgoblin.
You kill the hobgoblin!
You die...

. ##. #..##..# ...<##..
#.. #.#..#..... ...
....... ... #.# ###.#..#
#.# #.#
#......####.###.#
#######S#.#...........##
....>..@)l...# #.......
#######<#.#.## #.######
#.....#####.#
###.........#
###########


You could see an adder and a frilled lizard.

Vanquished Creatures
  2 adders (D:2)
  2 dart slugs (D:1)
  4 ball pythons
  A bat (D:1)
  2 endoplasms (D:1)
  5 goblins (D:1)
  7 hobgoblins
  2 kobolds (D:1)
  A quokka (D:1)
  3 frilled lizards (D:1)
  3 rats (D:1)
32 creatures vanquished.

Notes
Turn   | Place    | Note
-------+----------+-------------------------------------------
     0 | D:1      | booth the Demonspawn Reaver began the quest for the Orb.
     0 | D:1      | Reached XP level 1. HP: 16/16 MP: 3/3
   108 | D:1      | Gained mutation: Spells you cast may paralyse adjacent
                  | enemies. [demonic ancestry]
   108 | D:1      | Reached XP level 2. HP: 22/22 MP: 5/5
   545 | D:1      | Reached XP level 3. HP: 22/26 MP: 6/6
  1210 | D:2      | Found a faded altar of an unknown god.
  1300 | D:2      | Reached skill level 1 in Necromancy
  1313 | D:2      | Succumbed to an adder's poison

Illustrated notes

Levels and vault maps discovered:
D:1:      elethiomel_arrival_shortcut, layout_basic, hangedman_glass_teeth
D:2:      layout_loops_ring, nicolae_ecumenical_snake_handling, uniq_terence

Skill      XL: |  1  2  3 |
---------------+----------+-----
Axes           | 3 |  3.1
Dodging        | 2 |  2.0
Necromancy     | 1 |  1.0
Fighting       | |  2.2
Spellcasting   | |  2.2
Conjurations   | |  3.5

Action                     || total
---------------------------++-------
  Melee: Hand axe          ||   113
         Punch             ||     1
    Use: Scroll            ||     4
 Armour: Leather armour    ||    25
  Dodge: Dodged            ||    65
